 Dungeon Crawl Stone Soup version 0.31-a0-128-g25add195a6 (console) character file.

Game seed: 6202055288466024823

168 petzl the Sneak (level 5, 0/41 HPs)
             Began as a Formicid Delver on June 1, 2023.
             Slain by an orc
             ... wielding a +0 short sword
              (2 damage)
             ... on level 6 of the Dungeon.
             The game lasted 00:06:03 (941 turns).

petzl the Sneak (Formicid Delver)                    Turns: 941, Time: 00:06:04

Health: 0/41       AC:  3    Str: 17    XL:     5   Next: 78%
Magic:  12/12      EV: 12    Int: 11    God:
Gold:   57         SH:  0    Dex: 15    Spells: 14/14 levels left

rFire   + . .        h - +0 quarterstaff
rCold   + . .        (no shield)
rNeg    . . .        b - +0 leather armour
rPois   +            (helmet unavailable)
rElec   +            (no cloak)
rCorr   +            (no gloves)
SInv    +            (no boots)
Will    .....        (no amulet)
Stlth   +++          (no ring)
HPRegen 0.26/turn    (no ring)
MPRegen 0.13/turn

%: no passive effects
@: lethally poisoned (0 -> -5), resistant
A: permanent stasis, dig shafts and tunnels, antennae 3, four strong arms
a: Dig, Shaft Self


You were on level 6 of the Dungeon.
You visited 1 branch of the dungeon, and saw 6 of its levels.

You collected 57 gold pieces.

Inventory:

Hand Weapons
 a - a +0 mace
 h - a +0 quarterstaff (weapon)
Missiles
 g - 6 boomerangs
Armour
 b - a +0 leather armour (worn)
Magical Staves
 j - a staff of fire
Wands
 f - a wand of digging (3)
Scrolls
 c - a scroll of fog
 d - a scroll of magic mapping
 k - a scroll of noise {unknown}


   Skills:
 - Level 3.2 Fighting
 - Level 2.0 Maces & Flails
 - Level 1.7 Dodging
 - Level 6.0 Stealth
 + Level 5.0 Spellcasting


You had 14 spell levels left.
You didn't know any spells.
Your spell library contained the following spells:

 Spells                   Type           Power      Damage    Failure   Level
 Manifold Assault         Tloc           2%         N/A       95%         4
 Summon Ice Beast         Ice/Summ       2%         N/A       95%         4
 Summon Mana Viper        Hex/Summ       2%         N/A       100%        5
 Monstrous Menagerie      Summ           1%         N/A       100%        7
 Storm Form               Tmut/Air       1%         N/A       100%        7
 Blink                    Tloc           Unusable   N/A       N/A         2

Dungeon Overview and Level Annotations

Branches:
Dungeon (10/15)
 Temple: D:4-7         Lair: D:8-11         Orc: D:9-12

Altars:
Nemelex Xobeh

Annotations:
D:7 exclusion: ice beast
D:8 exclusion: downstairs
D:9 exclusions: downstairs and kobold demonologist


Innate Abilities, Weirdness & Mutations

You cannot be hasted, slowed, berserked, paralysed or teleported.
You can dig through walls and to a lower floor.
You have a pair of large antennae on your head. (SInv)
Your four strong arms can wield two-handed weapons with a shield.


Message History

The orc hits you with a +0 short sword.
You hit the orc.
The orc is severely wounded.
The orc hits you with a +0 short sword. The orc priest completely misses you.
The orc misses you.
The orc priest hits you with a +0 flail!
You barely miss the orc.
The orc is severely wounded.
The orc hits you with a +1 short sword of venom.
An orc comes into view. It is wielding a +0 short sword.
The orc priest hits you with a +0 flail.
The orc completely misses you.
You barely miss the orc.
The orc is severely wounded.
The orc hits you with a +1 short sword of venom.
The orc priest hits you with a +0 flail!
The orc completely misses you. The orc attacks as you move away!
The orc hits you with a +1 short sword of venom.
* * * LOW HITPOINT WARNING * * *
You are poisoned.
The orc priest attacks as you move away!
The orc priest barely misses you.
* * * LOW HITPOINT WARNING * * *
You feel very sick. The orc hits you with a +0 short sword.
* * * LOW HITPOINT WARNING * * *
Okay, then.
It was a potion of resistance.
You feel protected.
* * * LOW HITPOINT WARNING * * *
You feel sick. The orc hits you with a +0 short sword.
* * * LOW HITPOINT WARNING * * *
The orc completely misses you. The orc priest closely misses you.
As you read the scroll labelled WARAEKE ALENK, it crumbles to dust.
The creatures around you are filled with an inner flame!
It was a scroll of immolation.
* * * LOW HITPOINT WARNING * * *
You feel sick. The orc hits you with a +0 short sword.
You die...

.. #/....#.. $##..(....
.........# .# #.......
.# # #......####.# #
##. .......#...# .#
o..o #.o.....## .$.
.....###...o....##....
.......#...o@.........
...o....####o).รท......
........# ##.>.......
...!....# #...#.....
......... #....##...
###....## #...## ..
#.... ##### ...J.
......


You could see an orc priest (inner flame) and 3 orcs.

Vanquished Creatures
  A bullfrog (D:7)
  2 hounds
  An orc wizard (D:7)
  13 orcs
17 creatures vanquished.

Notes
Turn   | Place    | Note
-------+----------+-------------------------------------------
     0 | D:5      | petzl the Formicid Delver began the quest for the Orb.
     0 | D:5      | Reached XP level 1. HP: 18/18 MP: 1/1
    22 | D:5      | Noticed an orc priest
    34 | D:5      | Reached skill level 1 in Spellcasting
    37 | D:5      | Reached XP level 2. HP: 16/24 MP: 2/4
    79 | D:5      | You fall into a shaft and drop 3 floors!
   179 | D:9      | Noticed a kobold demonologist
   189 | D:10     | Entered Level 10 of the Dungeon
   189 | D:10     | Noticed a boulder beetle
   190 | D:10     | Noticed a killer bee
   223 | D:9      | Noticed a lemure
   223 | D:9      | Noticed a lemure
   369 | D:7      | Noticed an ice beast
   491 | D:7      | Reached XP level 3. HP: 28/29 MP: 5/7
   551 | D:7      | Found a sparkling altar of Nemelex Xobeh.
   569 | D:7      | Reached XP level 4. HP: 22/35 MP: 7/9
   620 | D:6      | Noticed a steam dragon
   660 | D:7      | Noticed an orc warrior
   690 | D:6      | Reached XP level 5. HP: 28/41 MP: 9/11
   740 | D:7      | Noticed a bullfrog
   752 | D:7      | Killed a bullfrog
   753 | D:7      | Reached skill level 5 in Spellcasting
   941 | D:6      | HP: 2/41 [poisoned by an orc]
   941 | D:6      | Slain by an orc

Illustrated notes

Levels and vault maps discovered:
D:5:      layout_rooms, hellmonk_ghost_happy_afterlife, minmay_misc_feat_rugged
D:6:      layout_cave_pools
D:7:      dreamdust_elfheim, layout_basic, minitemple,
          mainiacjoe_overflow_small_starburst, nicolae_sif_muna_condensation,
          minmay_temple_entry_offerings, serial_bayou_pond_a
D:8:      layout_loops_corners
D:9:      minmay_inner_zag, layout_rooms, serial_shops, kennysheep_mini,
          chequers_serial_rivers_small_3, uniq_pikel
D:10:     layout_roguey, good_gods_mini_temple,
          mainiacjoe_overflow_tiny_flanked, david_lair_generic,
          nzn_sisyphean_effort

Skill      XL: |  1  2  3  4  5 |
---------------+----------------+-----
Spellcasting   | 1 3 4 5 |  5.0
Fighting       | |  3.2
Maces & Flails | |  2.0
Dodging        | |  1.7
Stealth        | |  6.0

Action                     |  1- 3 |  4- 6 || total
---------------------------+-------+-------++-------
  Melee: Quarterstaff      |    39 |    27 ||    66
         Punch             |       |     1 ||     1
Ability: Shaft Self        |     1 |       ||     1
    Use: Scroll            |     1 |     1 ||     2
         Potion            |       |     1 ||     1
 Armour: Leather armour    |     5 |     9 ||    14
  Dodge: Dodged            |    26 |    25 ||    51

Table legend: (Time is in decaauts)
 A = Elapsed time spent in this place.
 B = Non-inter-level travel time spent in this place.
 C = Inter-level travel time spent in this place.
 D = Time resting spent in this place.
 E = Time spent auto-exploring this place.
 F = Levels seen in this place.
 G = Mean time per level.
                   A        B        C        D        E       F      G
               +--------+--------+--------+--------+--------+-----+--------+
         Total |    962 |    962 |      0 |    338 |     27 |   6 |  160.3 |
       Dungeon |    962 |    962 |      0 |    338 |     27 |   6 |  160.3 |
               +--------+--------+--------+--------+--------+-----+--------+

Top non-repeatable levels by time:
     D:7: 538 daAuts
     D:8: 180 daAuts
     D:9: 103 daAuts
     D:5: 82 daAuts
     D:6: 54 daAuts
    D:10: 1 daAuts
